 Dungeon Crawl Stone Soup version 0.27-a0-1081-ge8a0a9c698 (webtiles) character file.

Game seed: 2763140842909978819

417 tsouns the Insei (level 6, 0/44 (47) HPs)
             Began as a Demonspawn Transmuter on Apr 26, 2021.
             Was a Priest of Kikubaaqudgha.
             Slain by a wight
             ... wielding a +2 falchion
              (2 damage)
             ... on level 4 of the Dungeon.
             The game lasted 00:06:22 (4731 turns).

tsouns the Insei (Demonspawn Transmuter)            Turns: 4731, Time: 00:06:23

HP:   0/44 (47)     AC:  2    Str: 16    XL:     6   Next: 61%
MP:   9/9           EV: 12    Int: 17    God:    Kikubaaqudgha [***...]
Gold: 174           SH:  4    Dex: 13    Spells: 4/10 levels left

rFire    + . .     SeeInvis .     - Unarmed
rCold    . . .     Faith    .   (no shield)
rNeg     . . .     Spirit   .   a - +0 robe
rPois    .         Reflect  .   (helmet currently unavailable)
rElec    .         Harm     .   (no cloak)
rCorr    .         Rampage  .   (no gloves)
Will     .....                  (boots currently unavailable)
Stlth    +.........             (no amulet)
HPRegen  0.14/turn              d - +6 ring of strength
MPRegen  0.11/turn              g - ring of protection from fire

@: appendages, drained
A: horns 2, hooves 1, foul stench 1, condensation shield
a: End Transformation, Renounce Religion, Receive Corpses


You were on level 4 of the Dungeon.
You worshipped Kikubaaqudgha.
Kikubaaqudgha was most pleased with you.
You had temporarily grown beastly horns.
You visited 1 branch of the dungeon, and saw 4 of its levels.

You collected 174 gold pieces.

Inventory:

Armour
 a - a +0 robe (worn)
 t - a +0 buckler
Jewellery
 d - a +6 ring of strength (left hand)
 g - a ring of protection from fire (right hand)
 k - a ring of magical power
 s - a ring of fire
 w - an amulet of regeneration
Wands
 m - a wand of iceblast (12)
Scrolls
 b - 3 scrolls of teleportation {unknown}
 c - a scroll of immolation
 e - 2 scrolls of identify {unknown}
 f - 2 scrolls of magic mapping {unknown}
 h - 3 scrolls of blinking {unknown}
 p - a scroll of acquirement {unknown}
 q - a scroll of noise {unknown}
 r - a scroll of vulnerability {unknown}
 u - a scroll of enchant weapon {unknown}
 v - a scroll of fear {unknown}
Potions
 i - a potion of haste {unknown}
 j - a potion of lignification {unknown}
 l - 8 potions of curing {unknown}
 n - a potion of mutation {unknown}
 o - a potion of cancellation {unknown}
 x - a potion of heal wounds {unknown}


   Skills:
 + Level 3.3 Fighting
 - Level 1.7 Dodging
 * Level 5.1 Unarmed Combat
 + Level 2.5 Spellcasting
 + Level 3.4 Transmutations


You had 4 spell levels left.
You knew the following spells:

 Your Spells              Type           Power      Damage    Failure   Level
a - Beastly Appendage     Tmut           26%        N/A       4%          1
b - Wereblood             Tmut           13%        N/A       7%          2
c - Spider Form           Tmut/Pois      3%         N/A       26%         3

Your spell library contained the following spells:

 Spells                   Type           Power      Damage    Failure   Level
 Animate Skeleton         Necr           4%         N/A       19%         1
 Pain                     Necr           8%         1d4       19%         1
 Sublimation of Blood     Necr           1%         N/A       28%         2
 Vampiric Draining        Necr           1%         2d6       50%         3
 Ice Form                 Ice/Tmut       7%         N/A       65%         4
 Animate Dead             Necr           1%         N/A       88%         4
 Dispel Undead            Necr           2%         3d7       88%         4
 Hydra Form               Tmut           6%         N/A       77%         5
 Borgnjor's Vile Clutch   Necr/Erth      1%         N/A       99%         5
 Death Channel            Necr           1%         N/A       100%        6
 Simulacrum               Ice/Necr       1%         N/A       100%        6


Dungeon Overview and Level Annotations

Branches:
Dungeon (4/15)
 Temple: D:4-7

Altars:
Kikubaaqudgha


Innate Abilities, Weirdness & Mutations

You have temporarily grown beastly horns.
You have large cloven feet.
You may rarely emit foul miasma when damaged in melee.
A meltable shield of frost defends you. (SH +4)


Message History

You now have 161 gold pieces (gained 1).
Found a stone staircase leading down.
There is a stone staircase leading down here.
You now have 174 gold pieces (gained 13).
A wight is nearby!
A wight is nearby!
Casting: Beastly Appendage (safe; 4% risk of failure)
Confirm with . or Enter, or press ? or * to list all spells.
You grow a pair of large bovine horns.
Unknown command.
You closely miss the wight. Your kick misses the wight.
You block the wight's attack.
You hit the wight. Your kick misses the wight. Your headbutt misses the wight.
The wight is moderately damaged.
The wight hits you with a +2 falchion!
You barely miss the wight.
The wight is moderately damaged.
The wight hits you with a +2 falchion!
You hit the wight but do no damage.
The wight is moderately damaged.
The wight hits you with a +2 falchion!
You hit the wight. You kick the wight.
The wight is severely damaged.
You hit the wight but do no damage. Your headbutt misses the wight.
The wight is severely damaged.
The wight barely misses you.
You closely miss the wight. You kick the wight, but do no damage.
The wight is severely damaged.
The wight barely misses you.
You hit the wight but do no damage. Your kick misses the wight.
The wight is severely damaged.
The wight hits you with a +2 falchion!
* * * LOW HITPOINT WARNING * * *
You feel drained.
* * * LOW HITPOINT WARNING * * *
You hit the wight. You kick the wight, but do no damage.
The wight is almost destroyed.
The wight hits you with a +2 falchion.
You die...
Kikubaaqudgha rasps: "You have failed me!
Welcome... death!"

.# ###.# #.###.#.#..# .# #...#
#.# ##...#.# .# #.#.# #.# ##.##.#
.# #.#.# #.# ###.##.# .# #.#.#
#.# #...##.### .# #.#.# #.#
#.#....).. .#############.#.#
#...##.###
...............#.###.##....##.# #
################@z............###
#####.##.#.#####.. #.##.#. #.#
#.##... #.. #.##..# ### #.##..# #
#.##..######## ###.##..........
### #######...##..########


You could see a wight.

Vanquished Creatures
  A scorpion (D:2)
  3 wights (D:4)
  A jelly (D:4)
  A hound (D:4)
  7 adders
  2 adder skeletons
  2 worms (D:2)
  A dart slug (D:2)
  7 orcs (D:3)
  9 endoplasms
  6 giant cockroaches
  8 hobgoblins
  4 jackals (D:3)
  2 quokkas (D:4)
  10 ball pythons
  3 bats
  5 frilled lizards
  6 goblins
  A jackal skeleton (D:4)
  6 kobolds
  8 rats
93 creatures vanquished.

Notes
Turn   | Place    | Note
-------+----------+-------------------------------------------
     0 | D:1      | tsouns the Demonspawn Transmuter began the quest for the
                  | Orb.
     0 | D:1      | Reached XP level 1. HP: 15/15 MP: 3/3
   359 | D:1      | Reached skill level 3 in Unarmed Combat
   359 | D:1      | Gained mutation: You may rarely emit foul miasma when
                  | damaged in melee. [demonic ancestry]
   359 | D:1      | Reached XP level 2. HP: 5/21 MP: 3/5
   362 | D:1      | Learned a level 2 spell: Wereblood
   610 | D:1      | Found a faded altar of an unknown god.
   639 | D:1      | Became a worshipper of Kikubaaqudgha
   639 | D:1      | Reached * piety under Kikubaaqudgha
   639 | D:1      | Identified Kikubaaqudgha's Papyrus of Unholy Rites
                  | (Kikubaaqudgha gifted it to you on level 1 of the Dungeon)
   639 | D:1      | Received a gift from Kikubaaqudgha
  1111 | D:1      | Reached XP level 3. HP: 17/26 MP: 6/6
  1305 | D:2      | Reached ** piety under Kikubaaqudgha
  1312 | D:2      | Learned a level 3 spell: Spider Form
  1371 | D:2      | Noticed a scorpion
  1594 | D:2      | Killed a scorpion
  1595 | D:2      | Reached skill level 4 in Unarmed Combat
  1595 | D:2      | Lost mutation: You have razor-sharp toenails. [demonic
                  | ancestry]
  1595 | D:2      | Lost mutation: You have sharp toenails. [demonic ancestry]
  1595 | D:2      | Gained mutation: You have large cloven feet. [demonic
                  | ancestry]
  1595 | D:2      | Reached XP level 4. HP: 23/33 MP: 3/7
  2554 | D:3      | Gained mutation: A meltable shield of frost defends you.
                  | (SH +4) [demonic ancestry]
  2554 | D:3      | Reached XP level 5. HP: 27/39 MP: 6/8
  3429 | D:3      | Reached *** piety under Kikubaaqudgha
  3429 | D:3      | Identified Kikubaaqudgha's Catalogue of Evil Arts
                  | (Kikubaaqudgha gifted it to you on level 3 of the Dungeon)
  3429 | D:3      | Received a gift from Kikubaaqudgha
  3950 | D:4      | Reached XP level 6. HP: 37/47 MP: 6/9
  4430 | D:4      | Reached skill level 5 in Unarmed Combat
  4730 | D:4      | HP: 2/44 [wight/+2 falchion (4)]
  4731 | D:4      | Slain by a wight

Illustrated notes

Levels and vault maps discovered:
D:1:      dpeg_arrival_ratfight, layout_rooms,
          hellmonk_ecumenical_altar_blasted,
          hangedman_abyss_or_decor_lesser_grid, skrybe_limestone_x
D:2:      layout_loops_ring
D:3:      layout_loops_cross, minmay_pentangle
D:4:      layout_loops_ring, kennysheep_little_box, minitemple,
          grunt_ministairs_3

Skill      XL: |  1  2  3  4  5  6 |
---------------+-------------------+-----
Unarmed Combat | 3 4 5 |  5.1
Transmutations | 2 3 |  3.4
Fighting       | 2 3 |  3.3
Dodging        | |  1.7
Spellcasting   | |  2.5

Action                   |  1- 3 |  4- 6 || total
-------------------------+-------+-------++-------
Melee: Unarmed           |    97 |   181 ||   278
       Kick              |    12 |    51 ||    63
       Headbutt          |     8 |    21 ||    29
       Punch             |       |     3 ||     3
 Cast: Beastly Appendage |    14 |    23 ||    37
       Wereblood         |     1 |     1 ||     2
 Stab: Sleeping          |       |     1 ||     1
       Distracted        |       |     1 ||     1
Armor: Robe              |    19 |    18 ||    37
Dodge: Dodged            |    63 |    80 ||   143
Block: Other             |       |    14 ||    14

Table legend: (Time is in decaauts)
 A = Elapsed time spent in this place.
 B = Non-inter-level travel time spent in this place.
 C = Inter-level travel time spent in this place.
 D = Time resting spent in this place.
 E = Time spent auto-exploring this place.
 F = Levels seen in this place.
 G = Mean time per level.
                   A        B        C        D        E       F      G
               +--------+--------+--------+--------+--------+-----+--------+
         Total |   4712 |   4666 |     46 |      0 |   3925 |   4 | 1178.0 |
       Dungeon |   4712 |   4666 |     46 |      0 |   3925 |   4 | 1178.0 |
               +--------+--------+--------+--------+--------+-----+--------+

Top non-repeatable levels by time:
     D:3: 1484 daAuts
     D:1: 1462 daAuts
     D:2: 918 daAuts
     D:4: 847 daAuts
